2622 views
Uploaded 2020-02-28 15:07:38
Game version 1.32.2
7:36 long 4on4 ladder game on (8)MarketSquare
Saved by iggythefisk
2622 views
Uploaded 2020-02-28 15:07:38
Game version 1.32.2
7:36 long 4on4 ladder game on (8)MarketSquare


55 units @ 7k
/ 0.5k
39 buildings @ 5.7k
/ 1.9k


| Rod of Necromancy | 1 | 150 |
| total: | 1 | 150g |
| Acolyte | 2 | 150 | / | 0 |
| Ghoul | 2 | 240 | / | 0 |
| Crypt Fiend | 5 | 1075 | / | 200 |
| Obsidian Statue | 1 | 200 | / | 35 |
| total: | 10 | 1665g | / | 235w |
| Altar of Darkness | 1 | 180 | / | 50 |
| Ziggurat | 4 | 600 | / | 200 |
| Crypt | 1 | 200 | / | 50 |
| Tomb of Relics | 1 | 130 | / | 30 |
| Graveyard | 1 | 215 | / | 0 |
| Slaughterhouse | 1 | 140 | / | 135 |
| Halls of the Dead | 1 | 320 | / | 210 |
| Black Citadel | 1 | 325 | / | 230 |
| total: | 9 | 1465g | / | 465w |
| 0:04 | Acolyte |
| 0:04 | Acolyte |
| 0:08 | Altar of Darkness |
| 0:13 | Ziggurat |
| 0:33 | Crypt |
| 0:51 | Tomb of Relics |
| 1:12 | Graveyard |
| 1:35 | Ghoul |
| 1:40 | Ziggurat |
| 1:56 | Ghoul |
| 2:11 | Rod of Necromancy |
| 2:17 | Death Coil |
| 2:43 | Crypt Fiend |
| 3:29 | Halls of the Dead |
| 3:49 | Crypt Fiend |
| 3:49 | Crypt Fiend |
| 4:34 | Crypt Fiend |
| 4:36 | Ziggurat |
| 5:58 | Slaughterhouse |
| 6:08 | Black Citadel |
| 6:41 | Ziggurat |
| 7:07 | Obsidian Statue |
| 7:08 | Crypt Fiend |
| 7:27 | Frost Nova |
| Right click | 445 |
| Select | 121 |
| Select group | 63 |
| Build/train/purchase | 19 |
| Use ability | 7 |
| Assign group | 4 |

| Wisp | 11 | 660 | / | 0 |
| Huntress | 7 | 1365 | / | 140 |
| total: | 18 | 2025g | / | 140w |
| Altar of Elders | 1 | 180 | / | 50 |
| Moon Well | 4 | 720 | / | 160 |
| Hunter's Hall | 1 | 210 | / | 100 |
| Ancient of War | 2 | 300 | / | 120 |
| total: | 8 | 1410g | / | 430w |
| 0:01 | Wisp |
| 0:01 | Wisp |
| 0:04 | Altar of Elders |
| 0:06 | Wisp |
| 0:06 | Wisp |
| 0:16 | Moon Well |
| 0:31 | Wisp |
| 0:50 | Wisp |
| 0:59 | Wisp |
| 1:31 | Wisp |
| 1:46 | Hunter's Hall |
| 1:49 | Ancient of War |
| 1:51 | Wisp |
| 1:53 | Wisp |
| 2:01 | Moon Well |
| 2:03 | Entangling Roots |
| 2:08 | Wisp |
| 2:22 | Ancient of War |
| 3:02 | Huntress |
| 3:48 | Huntress |
| 3:54 | Moon Well |
| 3:55 | Ultravision |
| 4:31 | Sentinel |
| 4:31 | Huntress |
| 5:12 | Huntress |
| 5:52 | Huntress |
| 6:18 | Thorns Aura |
| 6:26 | Moon Well |
| 6:43 | Huntress |
| 7:10 | Huntress |
| Right click | 488 |
| Select group | 166 |
| Select | 99 |
| Assign group | 42 |
| Misc. action | 26 |
| Build/train/purchase | 25 |
| Use ability | 11 |
| Chat | 7 |
| Minimap ping | 4 |


| Healing Salve | 2 | 200 |
| Lesser Clarity Potion | 2 | 140 |
| Scroll of Speed | 1 | 50 |
| total: | 5 | 390g |
| Peon | 7 | 525 | / | 0 |
| Grunt | 4 | 800 | / | 0 |
| total: | 11 | 1325g | / | 0w |
| Altar of Storms | 1 | 180 | / | 50 |
| Orc Burrow | 3 | 480 | / | 120 |
| Barracks | 1 | 180 | / | 50 |
| Voodoo Lounge | 1 | 130 | / | 30 |
| War Mill | 1 | 205 | / | 0 |
| Beastiary | 1 | 145 | / | 140 |
| Spirit Lodge | 1 | 150 | / | 150 |
| Stronghold | 1 | 315 | / | 190 |
| Fortress | 1 | 325 | / | 190 |
| total: | 9 | 1470g | / | 540w |
| 0:02 | Peon |
| 0:02 | Peon |
| 0:05 | Altar of Storms |
| 0:12 | Orc Burrow |
| 0:19 | Peon |
| 0:36 | Barracks |
| 0:44 | Peon |
| 0:55 | Peon |
| 1:15 | Peon |
| 1:30 | Orc Burrow |
| 1:42 | Peon |
| 1:45 | Grunt |
| 1:59 | Voodoo Lounge |
| 2:11 | Wind Walk |
| 2:51 | Stronghold |
| 3:02 | Grunt |
| 3:54 | Grunt |
| 4:20 | Orc Burrow |
| 4:21 | War Mill |
| 5:49 | Beastiary |
| 6:04 | Spirit Lodge |
| 6:15 | Grunt |
| 6:15 | Berserker Strength |
| 6:22 | Healing Salve |
| 6:22 | Lesser Clarity Potion |
| 6:28 | Fortress |
| 6:39 | Scroll of Speed |
| 6:39 | Lesser Clarity Potion |
| 6:43 | Healing Salve |
| 6:47 | Hex |
| 6:58 | Ensnare |
| 7:26 | Critical Strike |
| Right click | 390 |
| Select group | 151 |
| Select | 91 |
| Build/train/purchase | 30 |
| Assign group | 12 |
| Misc. action | 6 |
| Use ability | 3 |


| Scroll of Regeneration | 2 | 200 |
| Lesser Clarity Potion | 2 | 140 |
| total: | 4 | 340g |
| Peasant | 7 | 525 | / | 0 |
| Footman | 6 | 810 | / | 0 |
| Rifleman | 3 | 615 | / | 90 |
| total: | 16 | 1950g | / | 90w |
| Scout Tower | 1 | 30 | / | 20 |
| Arcane Tower | 1 | 70 | / | 50 |
| Altar of Kings | 1 | 180 | / | 50 |
| Farm | 7 | 560 | / | 140 |
| Barracks | 1 | 160 | / | 60 |
| Arcane Vault | 1 | 130 | / | 30 |
| Blacksmith | 1 | 140 | / | 60 |
| Arcane Sanctum | 1 | 150 | / | 140 |
| Keep | 1 | 320 | / | 210 |
| total: | 13 | 1350g | / | 500w |
| 0:01 | Peasant |
| 0:02 | Peasant |
| 0:03 | Altar of Kings |
| 0:18 | Farm |
| 0:19 | Barracks |
| 0:24 | Peasant |
| 0:36 | Peasant |
| 0:48 | Farm |
| 0:51 | Peasant |
| 1:10 | Peasant |
| 1:24 | Footman |
| 1:25 | Peasant |
| 1:33 | Scout Tower |
| 1:40 | Footman |
| 1:51 | Farm |
| 1:59 | Farm |
| 2:00 | Arcane Tower |
| 2:04 | Blizzard |
| 2:07 | Footman |
| 2:34 | Arcane Vault |
| 2:41 | Farm |
| 2:43 | Footman |
| 3:28 | Keep |
| 3:55 | Footman |
| 3:57 | Blacksmith |
| 4:00 | Farm |
| 4:03 | Footman |
| 4:16 | Scroll of Regeneration |
| 4:21 | Lesser Clarity Potion |
| 4:36 | Defend |
| 4:55 | Brilliance Aura |
| 5:40 | Rifleman |
| 5:47 | Scroll of Regeneration |
| 5:48 | Lesser Clarity Potion |
| 6:08 | Farm |
| 6:27 | Arcane Sanctum |
| 6:40 | Rifleman |
| 7:02 | Storm Bolt |
| 7:14 | Rifleman |
| 7:15 | Long Rifles |
| Right click | 396 |
| Select | 112 |
| Select group | 38 |
| Build/train/purchase | 33 |
| Assign group | 15 |
| Use ability | 11 |
| Misc. action | 3 |
| Esc | 1 |
| Minimap ping | 1 |
64 units @ 6.1k
/ 0.3k
34 buildings @ 5.4k
/ 1.9k

| Rod of Necromancy | 1 | 150 |
| total: | 1 | 150g |
| Acolyte | 2 | 150 | / | 0 |
| Ghoul | 2 | 240 | / | 0 |
| Crypt Fiend | 4 | 860 | / | 160 |
| total: | 8 | 1250g | / | 160w |
| Nerubian Tower | 1 | 100 | / | 20 |
| Crypt | 1 | 200 | / | 50 |
| Ziggurat | 4 | 600 | / | 200 |
| Graveyard | 1 | 215 | / | 0 |
| Altar of Darkness | 1 | 180 | / | 50 |
| Tomb of Relics | 1 | 130 | / | 30 |
| Slaughterhouse | 1 | 140 | / | 135 |
| Halls of the Dead | 1 | 320 | / | 210 |
| Black Citadel | 1 | 325 | / | 230 |
| total: | 9 | 1465g | / | 465w |
| 0:05 | Acolyte |
| 0:05 | Acolyte |
| 0:21 | Crypt |
| 0:23 | Ziggurat |
| 0:39 | Graveyard |
| 0:56 | Altar of Darkness |
| 1:15 | Nerubian Tower |
| 1:22 | Ghoul |
| 1:36 | Tomb of Relics |
| 1:43 | Ghoul |
| 2:03 | Ziggurat |
| 2:24 | Crypt Fiend |
| 2:56 | Rod of Necromancy |
| 2:58 | Death Coil |
| 3:32 | Crypt Fiend |
| 4:31 | Crypt Fiend |
| 4:33 | Halls of the Dead |
| 5:55 | Crypt Fiend |
| 5:59 | Ziggurat |
| 6:13 | Ziggurat |
| 6:15 | Creature Attack |
| 7:02 | Unholy Aura |
| 7:07 | Black Citadel |
| 7:11 | Slaughterhouse |
| Right click | 123 |
| Select | 76 |
| Select group | 57 |
| Build/train/purchase | 21 |
| Chat | 16 |
| Assign group | 7 |
| Use ability | 6 |


| Wisp | 10 | 600 | / | 0 |
| Archer | 9 | 1170 | / | 90 |
| Peasant | 1 | 75 | / | 0 |
| total: | 20 | 1845g | / | 90w |
| Altar of Elders | 1 | 180 | / | 50 |
| Moon Well | 4 | 720 | / | 160 |
| Ancient of War | 1 | 150 | / | 60 |
| Hunter's Hall | 1 | 210 | / | 100 |
| Ancient of Lore | 2 | 310 | / | 290 |
| Tree of Ages | 1 | 320 | / | 180 |
| Tree of Eternity | 1 | 330 | / | 200 |
| total: | 9 | 1570g | / | 660w |
| 0:01 | Wisp |
| 0:07 | Altar of Elders |
| 0:08 | Wisp |
| 0:18 | Moon Well |
| 0:19 | Wisp |
| 0:24 | Wisp |
| 0:33 | Wisp |
| 0:46 | Ancient of War |
| 0:47 | Wisp |
| 1:00 | Wisp |
| 1:08 | Wisp |
| 1:28 | Moon Well |
| 1:46 | Archer |
| 1:52 | Archer |
| 2:09 | Entangling Roots |
| 2:19 | Wisp |
| 2:19 | Wisp |
| 2:29 | Archer |
| 2:40 | Archer |
| 2:58 | Tree of Ages |
| 3:03 | Archer |
| 3:48 | Archer |
| 4:15 | Moon Well |
| 5:05 | Archer |
| 5:14 | Force of Nature |
| 5:31 | Archer |
| 5:32 | Tree of Eternity |
| 5:35 | Hunter's Hall |
| 5:58 | Archer |
| 6:14 | Peasant |
| 6:38 | Ancient of Lore |
| 6:39 | Ancient of Lore |
| 6:46 | Improved Bows |
| 6:57 | Trueshot Aura |
| 7:11 | Strength of the Wild |
| 7:14 | Moon Well |
| Right click | 490 |
| Assign group | 225 |
| Select | 158 |
| Select group | 152 |
| Build/train/purchase | 62 |
| Misc. action | 19 |
| Use ability | 10 |
| Chat | 7 |
| Remove unit | 1 |

| Peasant | 12 | 900 | / | 0 |
| total: | 12 | 900g | / | 0w |
| Scout Tower | 1 | 30 | / | 20 |
| Arcane Tower | 1 | 70 | / | 50 |
| Altar of Kings | 1 | 180 | / | 50 |
| Farm | 3 | 240 | / | 60 |
| Blacksmith | 1 | 140 | / | 60 |
| Barracks | 1 | 160 | / | 60 |
| total: | 7 | 750g | / | 250w |
| 0:03 | Peasant |
| 0:03 | Peasant |
| 0:07 | Altar of Kings |
| 0:22 | Farm |
| 0:25 | Peasant |
| 0:34 | Peasant |
| 0:53 | Peasant |
| 0:58 | Farm |
| 1:05 | Blacksmith |
| 1:09 | Peasant |
| 1:21 | Scout Tower |
| 1:23 | Peasant |
| 1:36 | Peasant |
| 1:57 | Peasant |
| 1:59 | Barracks |
| 2:08 | Flame Strike |
| 2:14 | Peasant |
| 2:19 | Arcane Tower |
| 2:29 | Farm |
| 3:05 | Peasant |
| 3:05 | Peasant |
| Right click | 156 |
| Select | 40 |
| Select group | 38 |
| Build/train/purchase | 16 |
| Chat | 10 |
| Misc. action | 8 |
| Assign group | 5 |
| Use ability | 2 |


| Wisp | 14 | 840 | / | 0 |
| Archer | 9 | 1170 | / | 90 |
| Peasant | 1 | 75 | / | 0 |
| total: | 24 | 2085g | / | 90w |
| Altar of Elders | 1 | 180 | / | 50 |
| Moon Well | 4 | 720 | / | 160 |
| Ancient of War | 2 | 300 | / | 120 |
| Tree of Life | 1 | 340 | / | 185 |
| Tree of Ages | 1 | 320 | / | 180 |
| Lumber Mill | 1 | 120 | / | 0 |
| total: | 9 | 1660g | / | 515w |
| 0:01 | Wisp |
| 0:03 | Altar of Elders |
| 0:10 | Wisp |
| 0:16 | Moon Well |
| 0:17 | Wisp |
| 0:29 | Wisp |
| 0:39 | Wisp |
| 0:46 | Ancient of War |
| 0:52 | Wisp |
| 0:59 | Wisp |
| 1:12 | Wisp |
| 1:28 | Moon Well |
| 1:28 | Moon Well |
| 1:31 | Wisp |
| 1:47 | Archer |
| 1:50 | Wisp |
| 2:20 | Archer |
| 2:25 | Force of Nature |
| 2:27 | Archer |
| 2:41 | Wisp |
| 2:51 | Ancient of War |
| 3:25 | Wisp |
| 3:42 | Archer |
| 3:44 | Wisp |
| 3:46 | Moon Well |
| 4:17 | Archer |
| 4:35 | Tree of Ages |
| 4:53 | Entangling Roots |
| 5:12 | Archer |
| 5:14 | Archer |
| 5:45 | Archer |
| 5:46 | Archer |
| 5:55 | Peasant |
| 6:17 | Lumber Mill |
| 6:44 | Tree of Life |
| 6:57 | Wisp |
| 7:35 | Soul Burn |
| Right click | 470 |
| Select | 232 |
| Select group | 196 |
| Assign group | 53 |
| Build/train/purchase | 33 |
| Chat | 19 |
| Use ability | 6 |
| Misc. action | 2 |
| Remove unit | 1 |
| Minimap ping | 1 |
⇛